 Dungeon Crawl Stone Soup version 0.20.1-1-g8b1a95d66d (webtiles) character file.

779 volde25 the Grappler (level 7, -2/66 HPs)
             Began as a Troll Berserker on Dec 9, 2017.
             Was a Priest of Trog.
             Killed from afar by an orc wizard (8 damage)
             ... with a magic dart
             ... on level 4 of the Dungeon on Jan 10, 2018.
             The game lasted 00:10:10 (3207 turns).

volde25 the Grappler (Troll Berserker)              Turns: 3207, Time: 00:10:10

Health: -2/66      AC:  5    Str: 27      XL:     7   Next: 54%
Magic:  6/6        EV: 10    Int:  3      God:    Trog [***...]
Gold:   228        SH:  0    Dex: 13 (15) Spells: 6/6 levels left

rFire    . . .     SeeInvis .     - Unarmed
rCold    . . .     Gourm    +   (no shield)
rNeg     . . .     Faith    .   a - +0 animal skin
rPois    .         Spirit   .   (helmet restricted)
rElec    .         Reflect  .   (no cloak)
rCorr    .         Harm     .   (gloves unavailable)
MR       .....                  (boots unavailable)
Stlth    +.........             (no amulet)
Regen    0.7/turn               h - +5 ring of dexterity
MPRegen  0.1/turn               (no ring)

@: berserk cooldown, slowed, very slow
A: unfitting armour, claws 3, fast metabolism 3, gourmand, regeneration 1,
shaggy fur 1, tough skin 2
a: Berserk, Trog's Hand, Burn Spellbooks, Renounce Religion


You were on level 4 of the Dungeon.
You worshipped Trog.
Trog was most pleased with you.
You were not hungry.

You visited 1 branch of the dungeon, and saw 4 of its levels.
You also visited: Ossuary.

You collected 228 gold pieces.

Inventory:

Armour
 a - a +0 animal skin (worn)
 o - a +0 robe
Jewellery
 h - a +5 ring of dexterity (left claw)
Scrolls
 d - 6 scrolls of identify
 e - 2 scrolls of remove curse
 j - 3 scrolls of teleportation
 n - a scroll of fear
 p - a scroll of recharging {unknown}
Potions
 c - a potion of haste
 i - 2 potions of heal wounds
 k - a potion of resistance {unknown}
 l - 2 potions of degeneration {unknown}
 m - 2 potions of lignification {unknown}
 q - a potion of invisibility {unknown}
Comestibles
 b - 2 bread rations
 f - 2 royal jellies
 g - a meat ration


   Skills:
 - Level 2.4 Fighting
 - Level 2.4 Dodging
 * Level 9.0 Unarmed Combat


You had 6 spell levels left.
You didn't know any spells.

Dungeon Overview and Level Annotations

Branches:
Dungeon (4/15)
 Temple: D:4-7

Altars:
Cheibriados
Okawaru
Ru
Vehumet
Xom
The Shining One

Annotations:
D:4 Eustachio


Innate Abilities, Weirdness & Mutations

You are too large for most types of armour.
You have claws for hands.
Your metabolism is lightning-fast.
You like to eat raw meat.
Your natural rate of healing is unusually fast.
You are covered in fur. (AC +1)
You have very tough skin. (AC +2)


Message History

The quasit claws you but does no damage. x2
The jackal bites you but does no damage.
The orc hits you but does no damage. The ufetubus completely misses you.
The ufetubus closely misses you.
Eustachio mumbles some strange words.
The rat bites you but does no damage.
The orc wizard hits you but does no damage.
The rat bites you but does no damage.
Unknown command.
Unknown command.
You claw the orc!
You kill the orc!
Trog accepts your kill.
The quasit disappears in a puff of smoke!
The bat completely misses you. The ufetubus hits you.
* * * LOW HITPOINT WARNING * * *
The ufetubus misses you. The orc wizard casts a spell at you.
The magic dart hits you!
You die...

#. #≈......♣ ♣♣
#.......#≈≈......♣♣.
#.......##≈≈.....♣♣.
#..$.....##≈≈....♣♣.
#.......5.##≈≈...♣♣.
#.......5..##≈≈.....
##
#...b.....@.##≈≈≈..≈
#≈≈. ##.r§r......#
####''# #≈≈≈≈
##..5@h......#
##..... .≈≈≈.
#...rho...).##
#...... ≈≈≈≈.
#...##.........#
#...... ≈≈≈≈. ..#
#..)[...#.###......
≈≈≈.. #
#............#.....
8≈...
#..####.####.###...
...... ##.# .....
#.# #### .......
#.#.......#.# ##.
........
#.#.......#.####..


You could see Eustachio, an orc wizard, a quasit, 2 ufetubi, a quokka, 2
jackals, a bat and 2 rats.

Vanquished Creatures
  Grinder (D:4)
  A centaur (D:4)
  3 centaur zombies (Ossuary)
  A human zombie (Ossuary)
  An orc wizard (D:3)
  A worker ant (D:4)
  5 big kobold zombies (Ossuary)
  A hound zombie (Ossuary)
  3 mummies (Ossuary)
  7 adders
  5 adder zombies (Ossuary)
  A worm (D:2)
  A dart slug (D:2)
  3 leopard geckos
  6 orcs
  7 bats
  3 giant cockroaches
  3 gnoll zombies (Ossuary)
  10 goblins
  11 hobgoblins
  5 jackals
  5 kobolds
  A quokka (D:2)
  4 frilled lizards
  3 goblin zombies (Ossuary)
  3 hobgoblin zombies (Ossuary)
  2 jackal zombies (Ossuary)
  6 kobold zombies (Ossuary)
  A quokka skeleton (D:4)
  4 quokka zombies (Ossuary)
  7 rats
115 creatures vanquished.

Notes
Turn   | Place    | Note
-------+----------+-------------------------------------------
     0 | D:1      | volde25 the Troll Berserker began the quest for the Orb.
     0 | D:1      | Reached XP level 1. HP: 22/22 MP: 0/0
   193 | D:1      | Reached XP level 2. HP: 28/29 MP: 1/1
   500 | D:1      | Reached skill level 4 in Unarmed Combat
   837 | D:2      | Found an iron altar of Okawaru.
   853 | D:2      | Reached XP level 3. HP: 36/36 MP: 2/2
   960 | D:2      | Found a glowing golden altar of the Shining One.
  1079 | D:2      | Found a snail-covered altar of Cheibriados.
  1083 | D:2      | Reached ** piety under Trog
  1159 | D:2      | Reached skill level 5 in Unarmed Combat
  1159 | D:2      | Reached XP level 4. HP: 42/44 MP: 3/3
  1762 | D:3      | Found a sacrificial altar of Ru.
  1775 | D:3      | Reached XP level 5. HP: 49/50 MP: 4/4
  2306 | D:4      | Found a radiant altar of Vehumet.
  2368 | D:4      | Reached skill level 6 in Unarmed Combat
  2406 | D:4      | Noticed Grinder
  2424 | D:4      | Paralysed by Grinder for 4 turns
  2430 | D:4      | Killed Grinder
  2430 | D:4      | Reached skill level 7 in Unarmed Combat
  2430 | D:4      | Reached XP level 6. HP: 14/59 MP: 5/5
  2618 | D:4      | Found a sand-covered staircase.
  2622 | Ossuary  | Entered an ossuary
  2664 | Ossuary  | Reached *** piety under Trog
  2753 | Ossuary  | Reached skill level 8 in Unarmed Combat
  2753 | Ossuary  | Reached XP level 7. HP: 39/66 MP: 6/6
  3047 | D:4      | Reached skill level 9 in Unarmed Combat
  3169 | D:4      | Noticed Eustachio
  3171 | D:4      | Found a shimmering altar of Xom.
  3207 | D:4      | Killed from afar by an orc wizard

Skill      XL: |  1  2  3  4  5  6  7 |
---------------+----------------------+-----
Unarmed Combat | 4 5 7 8 9 |  9.0
Fighting       | |  2.4
Dodging        | |  2.4

Action                   |  1- 3 |  4- 6 |  7- 9 || total
-------------------------+-------+-------+-------++-------
Melee: Unarmed           |   106 |   129 |    72 ||   307
       Punch             |     4 |     2 |     4 ||    10
Invok: Berserk           |       |     1 |     1 ||     2
       Trog's Hand       |       |       |     1 ||     1
  Use: Scroll            |     3 |     7 |       ||    10
       Potion            |       |       |     1 ||     1
 Stab: Sleeping          |       |     2 |       ||     2
       Paralysed         |       |     1 |       ||     1
  Eat: Chunk             |    16 |     8 |       ||    24
       Bread ration      |       |       |     2 ||     2
Armor: Animal skin       |    59 |    61 |   113 ||   233
Dodge: Dodged            |    63 |    94 |   144 ||   301
